AoeStats
← steveroessler

Arabia

510600039Analyzed
4v4 RM · 2d ago on Oct 1, 2026· 14m 38s· 8 players
Game mode
Random Map
Map size
Large (8 player)
Population
200
Speed
Normal
Resources
Standard
Victory
Conquest
Starting age
Dark Age
Ending age
Imperial Age
RankedLock teamsTeams togetherTeam positionsShared explorationLock speedFull tech treeHidden civsTurbo modeCheats
Victory
Defeat
🇧🇩 Portuguese · Bangladesh
1029
+12
🇧🇩 Britons · Bangladesh
883
+18
🇦🇷 Mongols · Argentina
836
+20
🇦🇷 Persians · Argentina
716
+25
🇫🇴 Maya · Faroe Islands
937
-19
🇩🇪 Ethiopians · Germany
931
-19
🇦🇷 Japanese · Argentina
931
-19
🇩🇪 Britons · Germany
910
-18
steveroessler
0:46 Loom
11:34 Feudal Age
13:08 Double-Bit Axe
Heinlemann
10:03 Feudal Age
10:48 Double-Bit Axe
SonniRagz
13:15 Feudal Age
Luce
11:34 Feudal Age
13:26 Horse Collar
13:47 Double-Bit Axe
muti
7:05 Loom
9:09 Feudal Age
10:42 Double-Bit Axe
toxic-mushroom
9:45 Feudal Age
8:00 Loom
11:25 Double-Bit Axe
14:11 Scale Mail Armor
13:38 Man-at-Arms
JohnReese23
9:29 Feudal Age
9:37 Loom
11:02 Wheelbarrow
12:14 Double-Bit Axe
13:35 Horse Collar
Ssshanto
7:00 Loom
9:20 Feudal Age
9:56 Double-Bit Axe
11:05 Horse Collar
Connection lost

Rejoining the realm…

Still unreachable

The connection could not be restored.

Session expired

The server has moved on; the page needs a fresh start.